 Dungeon Crawl Stone Soup version 0.26-a0-682-g294304f6e8 (webtiles) character file.

Game seed: 10118234885820840266

(classic levelgen) 15 EnegeticOcto the Digger (level 2, 0/17 HPs)
             Began as a Halfling Earth Elementalist on Oct 20, 2020.
             Slain by Robin
             ... wielding a +0 spear
              (4 damage)
             ... on level 1 of the Dungeon.
             The game lasted 00:01:09 (193 turns).

EnegeticOcto the Digger (HaEE)                       Turns: 193, Time: 00:01:10

Health: 0/17       AC:  2    Str:  9    XL:     2   Next: 65%
Magic:  3/4        EV: 15    Int: 13    God:
Gold:   0          SH:  0    Dex: 14    Spells: 3/4 levels left

rFire    . . .     SeeInvis .   (weapon restricted)
rCold    . . .     Faith    .   (shield restricted)
rNeg     . . .     Spirit   .   c - +0 robe
rPois    .         Reflect  .   (no helmet)
rElec    .         Harm     .   (no cloak)
rCorr    .         Rampage  .   (no gloves)
MR       .....                  (no boots)
Stlth    ++........             a - amulet of magic regeneration
HPRegen  0.05/turn              (no ring)
MPRegen  0.34/turn              (no ring)

@: no status effects
A: small, mutation resistance 1
a: no special abilities


You were on level 1 of the Dungeon.
You visited 1 branch of the dungeon, and saw 2 of its levels.

Inventory:

Missiles
 b - 77 stones (quivered)
Armour
 c - a +0 robe (worn)
Jewellery
 a - an amulet of magic regeneration (around neck)
Potions
 d - 2 potions of haste {unknown}


   Skills:
 - Level 2.1 Dodging
 - Level 2.1 Stealth
 - Level 1.5 Spellcasting
   Level 0.5 Transmutations
 + Level 3.8 Earth Magic


You had 3 spell levels left.
You knew the following spells:

 Your Spells              Type           Power        Failure   Level
a - Sandblast             Erth           ##....       5%          1

Your spell library contained the following spells:

 Spells                   Type           Power        Failure   Level
 Passwall                 Tmut/Erth      #.......     17%         2
 Stone Arrow              Conj/Erth      #.....       36%         3
 Petrify                  Tmut/Erth      #.......     73%         4
 Lee's Rapid Deconstruct  Erth           ##........   83%         5


Dungeon Overview and Level Annotations

Branches:
Dungeon (2/15)

Altars:

Annotations:
D:1 Robin


Innate Abilities, Weirdness & Mutations

You are small and have problems with some larger weapons.
You are somewhat resistant to further mutation.


Message History

You kill the bat!
b - 66 stones
Casting: Sandblast (safe; 6% risk of failure)
Confirm with . or Enter, or press ? or * to list all spells.
Aiming: Sandblast (safe; 6% risk of failure)
Press: ? - help, Shift-Dir - straight line, f - goblin
Aim: a goblin, wielding a +0 hunting sling and quivering 17 stones The blast of sand hits the goblin!
You kill the goblin!
b - 65 stones
b - 82 stones (gained 17)
Things that are here:
a +0 hunting sling; a +0 club; a goblin corpse
Things that are here:
a +0 hunting sling; a +0 club; a goblin corpse You see here a +0 club.
There is a stone staircase leading down here.
You climb downwards.
Level annotation: Robin A goblin and a hobgoblin come into view.
The goblin shoots a stone.
The stone barely misses you. The rat closely misses you.
The hobgoblin closely misses you. Robin throws the goblin at you!
The goblin shoots a stone.
The stone misses you.
A goblin comes into view.
The goblin shouts!
There is a stone staircase leading up here.
You see here 3 stones.
The hobgoblin shouts!
You hear an angry hiss.
The rat misses you. Robin throws the goblin at you!
The hobgoblin barely misses you. The goblin hits you with a +0 club.
The goblin shoots a stone.
The stone closely misses you.
You climb upwards.
There is a stone staircase leading down here.
Casting: Sandblast (safe; 6% risk of failure)
Confirm with . or Enter, or press ? or * to list all spells.
Aiming: Sandblast (safe; 6% risk of failure)
Press: ? - help, Shift-Dir - straight line, f - rat
Aim: a rat The blast of sand hits the rat.
You kill the rat!
b - 81 stones The hobgoblin misses you.
The goblin barely misses you.
Casting: Sandblast (safe; 6% risk of failure)
Confirm with . or Enter, or press ? or * to list all spells.
Aiming: Sandblast (safe; 6% risk of failure)
Press: ? - help, Shift-Dir - straight line, f - goblin
Aim: a goblin, wielding a +0 club The blast of sand hits the goblin!
You kill the goblin!
b - 80 stones The hobgoblin completely misses you.
Casting: Sandblast (safe; 6% risk of failure)
Confirm with . or Enter, or press ? or * to list all spells.
Aiming: Sandblast (safe; 6% risk of failure)
Press: ? - help, Shift-Dir - straight line, f - hobgoblin
Aim: a hobgoblin, wielding a +0 club The blast of sand hits the hobgoblin!
You kill the hobgoblin!
b - 79 stones
Things that are here:
a +0 club; a +0 club You see here a rat corpse.
You see here a +0 club.
You see here a rat corpse.
There is a stone staircase leading down here.
Magic restored.
You climb downwards.
Level annotation: Robin A worm comes into view.
The goblin hits you with a +0 club. Robin closely misses you.
The hobgoblin hits you. The goblin barely misses you.
The hobgoblin closely misses you. The goblin hits you with a +0 club.
There is a stone staircase leading up here.
You see here 4 stones.
The goblin closely misses you.
The hobgoblin hits you but does no damage.
The goblin completely misses you. Robin misses you.
You climb upwards.
There is a stone staircase leading down here.
Casting: Sandblast (safe; 5% risk of failure)
Confirm with . or Enter, or press ? or * to list all spells.
Press: ? - help, Shift-Dir - straight line, f - hobgoblin
Aim: a hobgoblin The blast of sand misses the hobgoblin.
b - 78 stones The hobgoblin hits you.
* * * LOW HITPOINT WARNING * * *
The goblin completely misses you.
Casting: Sandblast (safe; 5% risk of failure)
Confirm with . or Enter, or press ? or * to list all spells.
Aiming: Sandblast (safe; 5% risk of failure)
Press: ? - help, Shift-Dir - straight line, f/p - hobgoblin
Aim: a hobgoblin The blast of sand hits the hobgoblin!
You kill the hobgoblin!
b - 77 stones The goblin barely misses you.
Robin hits you with a +0 spear.
You die...

#.......#
#.#####.# #.# #.#
#.# #.# #.# #)#
##########.# #.#
...........# #.#
################.#
######........##@#
..............ggg#
######........##g#
#........##.#
#........####
#........#
######........#
#.............#
#.............#


You could see Robin, a hobgoblin and 2 goblins.

Vanquished Creatures
  2 giant cockroaches (D:1)
  6 goblins
  2 hobgoblins (D:1)
  A bat (D:1)
  A frilled lizard (D:1)
  2 rats
14 creatures vanquished.

Notes
Turn   | Place    | Note
-------+----------+-------------------------------------------
     0 | D:1      | EnegeticOcto the Halfling Earth Elementalist began the
                  | quest for the Orb.
     0 | D:1      | Reached XP level 1. HP: 11/11 MP: 3/3
   131 | D:2      | Noticed Robin
   135 | D:2      | Reached XP level 2. HP: 17/17 MP: 1/4
   193 | D:1      | Slain by Robin

Illustrated notes

Levels and vault maps discovered:
D:1:      sevenhm_arrival_forest_fort_large_2, layout_basic
D:2:      layout_rooms, kennysheep_minor_cross, uniq_robin

Action                   || total
-------------------------++-------
Melee: Unarmed           ||    14
 Cast: Sandblast         ||    19
Armor: Robe              ||     9
Dodge: Dodged            ||    49

Table legend: (Time is in decaauts)
 A = Elapsed time spent in this place.
 B = Non-inter-level travel time spent in this place.
 C = Inter-level travel time spent in this place.
 D = Time resting spent in this place.
 E = Time spent auto-exploring this place.
 F = Levels seen in this place.
 G = Mean time per level.
                   A        B        C        D        E       F      G
               +--------+--------+--------+--------+--------+-----+--------+
         Total |    195 |    188 |      7 |      0 |      0 |   2 |   97.5 |
       Dungeon |    195 |    188 |      7 |      0 |      0 |   2 |   97.5 |
               +--------+--------+--------+--------+--------+-----+--------+

Top non-repeatable levels by time:
     D:1: 180 daAuts
     D:2: 14 daAuts
